 Dungeon Crawl Stone Soup version 0.28-a0-479-g5baa6b73be (webtiles) character file.

Game seed: 4285837531906797373

88 Shayle the Skirmisher (level 4, -6/49 HPs)
             Began as an Ogre Warper on Sept 18, 2021.
             Mangled by a gnoll (9 damage)
             ... on level 3 of the Dungeon.
             The game lasted 00:06:30 (3017 turns).

Shayle the Skirmisher (Ogre Warper)                 Turns: 3017, Time: 00:06:31

Health: -6/49      AC:  3    Str: 15    XL:     4   Next: 54%
Magic:  7/7        EV:  9    Int: 15    God:
Gold:   98         SH:  0    Dex:  8    Spells: 5/7 levels left

rFire   . . .      SeeInvis .   k - +0 whip (flame)
rCold   . . .      Faith    .   (no shield)
rNeg    . . .      Spirit   .   b - +0 robe
rPois   .          Reflect  .   (helmet restricted)
rElec   .          Harm     .   (no cloak)
rCorr   .          Rampage  .   (gloves unavailable)
Will    .....                   (boots unavailable)
Stlth   +.........              (no amulet)
HPRegen 0.16/turn               (no ring)
MPRegen 0.10/turn               (no ring)

@: no status effects
A: large, unfitting armour, tough skin 1
a: no special abilities


You were on level 3 of the Dungeon.
You visited 1 branch of the dungeon, and saw 4 of its levels.

You collected 98 gold pieces.

Inventory:

Hand Weapons
 a - a +0 spear
 k - a +0 whip of flaming (weapon)
Missiles
 d - 5 boomerangs of dispersal (quivered)
 i - a throwing net
Armour
 b - a +0 robe (worn)
Scrolls
 c - 3 scrolls of blinking
 e - a scroll of fog
 g - a scroll of vulnerability
 h - 2 scrolls of identify
 j - 3 scrolls of teleportation
Potions
 f - a potion of curing
 l - a potion of mutation {unknown}


   Skills:
 + Level 4.7 Fighting
 + Level 3.5 Polearms
 - Level 1.0 Throwing
 - Level 2.1 Dodging
 - Level 2.4 Spellcasting
 - Level 2.6 Translocations


You had 5 spell levels left.
You knew the following spells:

 Your Spells              Type           Power      Damage    Failure   Level
a - Blink                 Tloc           N/A        N/A       11%         2

Your spell library contained the following spells:

 Spells                   Type           Power      Damage    Failure   Level
 Gell's Gravitas          Tloc           4%         N/A       22%         3
 Lesser Beckoning         Tloc           9%         N/A       22%         3
 Teleport Other           Tloc           9%         N/A       22%         3
 Tukima's Dance           Hex            1%         N/A       54%         3
 Passage of Golubria      Tloc           N/A        N/A       56%         4
 Manifold Assault         Tloc           9%         N/A       89%         5
 Yara's Violent Unravell  Hex/Tmut       0%         3d3       99%         5


Dungeon Overview and Level Annotations

Branches:
Dungeon (4/15)
 Temple: D:4-7

Altars:
Sif Muna

Annotations:
D:3 Natasha


Innate Abilities, Weirdness & Mutations

You are too large for most types of armour.
You have tough skin. (AC +1)


Message History

The gnoll closely misses you.
You climb upwards.
Level annotation: Natasha
There is a stone staircase leading down here.
You barely miss the gnoll. The gnoll hits you with a +0 spear.
You barely miss the gnoll. The gnoll barely misses you.
You closely miss the gnoll. The gnoll barely misses you.
The gnoll hits you with a +0 spear!
You closely miss the gnoll. The gnoll hits you with a +0 spear.
You hit the gnoll. You burn the gnoll.
The gnoll is lightly wounded.
The gnoll closely misses you.
You hit the gnoll but do no damage.
The gnoll is lightly wounded.
The gnoll hits you with a +0 spear.
You barely miss the gnoll.
The gnoll is lightly wounded.
The gnoll closely misses you.
You closely miss the gnoll.
The gnoll is lightly wounded.
The gnoll hits you with a +0 spear!
You hit the gnoll. You burn the gnoll.
The gnoll is moderately wounded.
The gnoll hits you with a +0 spear.
You hit the gnoll. You burn the gnoll.
The gnoll is heavily wounded.
The gnoll hits you with a +0 spear.
You hit the gnoll. You burn the gnoll.
The gnoll is almost dead.
The gnoll barely misses you.
You closely miss the gnoll.
The gnoll is severely wounded.
The gnoll hits you with a +0 spear.
* * * LOW HITPOINT WARNING * * *
You hit the gnoll but do no damage.
The gnoll is severely wounded.
The gnoll hits you with a +0 spear!
* * * LOW HITPOINT WARNING * * *
The gnoll hits you with a +0 spear!
You die...

####...## #.#.#####.#
####....#### #.. #.#.# #.#
...........# #.# #.#.# #.#
#.......##.# #.# #.#.# #.#
#^####.###.### #.# #.#.#
#.# ...###.......# #.#
#.#.# ##.##
.......#####.###.#
#.#.####...# ...###.#
#...g.## #........... #.##
#.# #....@.# ###.####...#
..####.# #.####.# #.#
##.## #......#####.# #.#
#.# ###.# #..###.......#
#.# #.# #<..#
#.5))h...#.######.# #.#
#.###
...#####..........######.#
#.# #..#
###...............# #.#
#..#######.####.#..#######
#.# ............# #.#..#
#†#


You could see a gnoll.

Vanquished Creatures
  Jessica (D:2)
  An adder (D:3)
  2 worms
  A dart slug (D:1)
  3 orcs
  3 endoplasms
  5 giant cockroaches
  2 goblins (D:3)
  2 hobgoblins (D:1)
  2 quokkas (D:3)
  5 ball pythons
  8 bats
  A frilled lizard (D:1)
  3 kobolds
  4 rats
43 creatures vanquished.

Notes
Turn   | Place    | Note
-------+----------+-------------------------------------------
     0 | D:1      | Shayle the Ogre Warper began the quest for the Orb.
     0 | D:1      | Reached XP level 1. HP: 22/22 MP: 3/3
   368 | D:1      | Reached skill level 3 in Fighting
   422 | D:1      | Reached XP level 2. HP: 31/31 MP: 5/5
  1055 | D:2      | You fall into a shaft and drop 1 floor!
  1059 | D:3      | Learned a level 2 spell: Blink
  1180 | D:2      | Reached XP level 3. HP: 34/39 MP: 6/6
  1685 | D:2      | Noticed Jessica
  1703 | D:2      | Killed Jessica
  1704 | D:2      | Reached skill level 4 in Fighting
  1704 | D:2      | Reached XP level 4. HP: 15/49 MP: 7/7
  1973 | D:3      | Noticed Natasha
  2624 | D:3      | Found a shimmering blue altar of Sif Muna.
  3017 | D:3      | Mangled by a gnoll

Illustrated notes

Levels and vault maps discovered:
D:1:      elethiomel_arrival_fortress_basement, layout_basic
D:2:      layout_rooms, uniq_jessica
D:3:      layout_loops_ring, tgw_sif, uniq_natasha
D:4:      layout_loops_ring, nicolae_hepliaklqana_hazy_memory,
          lemuel_doored_altar, mainiacjoe_overflow_alcove_4,
          minmay_temple_entry_ruins, minmay_puff

Skill      XL: |  1  2  3 |
---------------+----------+-----
Fighting       | 3 4 |  4.7
Polearms       | 3 |  3.5
Throwing       | |  1.0
Dodging        | |  2.1
Spellcasting   | |  2.4
Translocations | |  2.6

Action                   |  1- 3 |  4- 6 || total
-------------------------+-------+-------++-------
Melee: Spear             |    89 |       ||    89
       Whip              |    35 |    81 ||   116
  Use: Scroll            |     5 |     1 ||     6
       Potion            |       |     1 ||     1
Armor: Robe              |    57 |    23 ||    80
Dodge: Dodged            |    80 |    33 ||   113

Table legend: (Time is in decaauts)
 A = Elapsed time spent in this place.
 B = Non-inter-level travel time spent in this place.
 C = Inter-level travel time spent in this place.
 D = Time resting spent in this place.
 E = Time spent auto-exploring this place.
 F = Levels seen in this place.
 G = Mean time per level.
                   A        B        C        D        E       F      G
               +--------+--------+--------+--------+--------+-----+--------+
         Total |   3028 |   2961 |     67 |    551 |   1747 |   4 |  757.0 |
       Dungeon |   3028 |   2961 |     67 |    551 |   1747 |   4 |  757.0 |
               +--------+--------+--------+--------+--------+-----+--------+

Top non-repeatable levels by time:
     D:3: 1161 daAuts
     D:1: 952 daAuts
     D:2: 904 daAuts
     D:4: 10 daAuts
